 Dungeon Crawl Stone Soup version 0.31.0-32-g396128a36d (webtiles) character file.

Game seed: 2411424525032187151

5297 jaygrey the Cleaver (level 10, -6/91 HPs)
             Began as a Minotaur Berserker on Apr 12, 2024.
             Was a Priest of Trog.
             Mangled by a komodo dragon (12 damage)
             ... on level 9 of the Dungeon.
             The game lasted 01:39:55 (9838 turns).

jaygrey the Cleaver (Minotaur Berserker)            Turns: 9838, Time: 01:39:56

Health: -6/91      AC:  8    Str: 22    XL:     10   Next: 37%
Magic:  9/9        EV: 14    Int:  4    God:    Trog [***...]
Gold:   572        SH:  0    Dex: 14    Spells: 9/9 levels left

rFire   . . .        a - +0 hand axe
rCold   . . .        (no shield)
rNeg    . . .        f - +0 acid dragon scales
rPois   .            (helmet restricted)
rElec   .            (no cloak)
rCorr   +            (no gloves)
SInv    .            (no boots)
Will    .....        n - amulet of regeneration
Stlth   ++           (no ring)
HPRegen 1.15/turn    (no ring)
MPRegen 0.11/turn

%: no passive effects
@: on berserk cooldown, slowed, very slow
A: horns 2, retaliatory headbutt
a: Renounce Religion, Berserk, Trog's Hand


You were on level 9 of the Dungeon.
You worshipped Trog.
Trog was most pleased with you.
You visited 2 branches of the dungeon, and saw 10 of its levels.

You collected 572 gold pieces.

Inventory:

Hand Weapons
 a - a +0 hand axe (weapon)
 p - a +1 heavy hand axe
Missiles
 e - 32 stones (quivered)
 i - 15 poisoned darts
Armour
 b - a +0 animal skin
 f - +0 acid dragon scales (worn)
 z - a +2 cloak
Jewellery
 k - a +6 ring of strength
 n - an amulet of regeneration (around neck)
 F - a +6 ring of dexterity
Talismans
 h - a beast talisman
Wands
 t - a wand of roots (9)
 G - a wand of polymorph (3)
 H - a wand of flame (8)
Scrolls
 g - 6 scrolls of identify {unknown}
 l - 6 scrolls of revelation {unknown}
 m - a scroll of immolation {unknown}
 q - a scroll of noise {unknown}
 r - 4 scrolls of blinking {unknown}
 s - a scroll of torment {unknown}
 u - 2 scrolls of poison {unknown}
 w - 3 scrolls of amnesia {unknown}
 x - a scroll of brand weapon {unknown}
 y - 2 scrolls of vulnerability {unknown}
 A - a scroll of teleportation {unknown}
 B - 3 scrolls of enchant weapon {unknown}
 E - 2 scrolls of fear {unknown}
Potions
 c - 3 potions of curing {unknown}
 d - 3 potions of brilliance {unknown}
 j - 3 potions of lignification {unknown}
 o - 3 potions of haste {unknown}
 v - a potion of invisibility {unknown}
 C - a potion of attraction {unknown}
 D - a potion of cancellation {unknown}


   Skills:
 + Level 9.0 Fighting
 + Level 12.0 Axes
 + Level 4.2 Throwing
 + Level 7.4 Armour
 + Level 6.7 Dodging
 + Level 2.9 Stealth


You had 9 spell levels left.
You didn't know any spells.
Your spell library was empty.

Dungeon Overview and Level Annotations

Branches:
Dungeon (9/15)             Temple (1/1) D:6             Orc (0/2) D:9
   Lair: D:8-11

Altars:
Ashenzari
Cheibriados
Dithmenos
Elyvilon
Fedhas
Gozag
Hepliaklqana
Kikubaaqudgha
Makhleb
Nemelex Xobeh
Okawaru
Qazlal
Ru
Sif Muna
Trog
Uskayaw
Vehumet
Wu Jian
Xom
Yredelemnul
Zin
The Shining One

Shops:
D:6 *


Innate Abilities, Weirdness & Mutations

You have a pair of horns on your head.
You reflexively headbutt those who attack you in melee.


Message History

The orc warrior hits you with a +0 trident!
You closely miss the orc warrior. You headbutt the orc warrior.
The orc warrior is lightly wounded.
You barely miss the komodo dragon. You hit the orc warrior.
The orc warrior is moderately wounded.
You hit the komodo dragon.
The orc warrior hits you with a +0 trident.
The komodo dragon bites you!!
You closely miss the orc warrior.
The orc warrior is moderately wounded.
You barely miss the komodo dragon. You hit the orc warrior.
Your headbutt misses the orc warrior.
The orc warrior is heavily wounded.
You hit the komodo dragon.
The orc warrior hits you with a +0 trident!
The komodo dragon bites you!!
You hit the orc warrior.
The orc warrior is severely wounded.
You barely miss the komodo dragon. You slash the orc!
You kill the orc!
Trog accepts your kill.
You are no longer berserk.
You are exhausted.
You feel yourself slow down.
A komodo dragon comes into view.
The komodo dragon hisses angrily.
You hit the orc warrior. Your headbutt misses the orc warrior.
The orc warrior is severely wounded.
You hit the komodo dragon but do no damage.
The orc warrior hits you with a +0 trident.
The komodo dragon bites you!!
* * * LOW HITPOINT WARNING * * *
You hit the orc warrior but do no damage.
The orc warrior is severely wounded.
You barely miss the komodo dragon.
The orc warrior hits you with a +0 trident!
* * * LOW HITPOINT WARNING * * *
The komodo dragon bites you!
You die...

#.........<............#.#...#.#
#...........#..#.......#.#####..
#..............#.......#.....#<#
################################
## ## ##..#.### ###..
...#....###.... .l#...l....# ###
## ......o@..#####.## #.#
....#?)).......#.# ####. #
#.###....†...###....
###..#.###..†......#
####..############ #########
################# # ........#
#.............#.# # #####...#
#...............# # ..'.#...#
#..............######


You could see 2 komodo dragons and an orc warrior.

Vanquished Creatures
  A komodo dragon (D:9)
  Psyche (D:8)
  3 wyverns
  A warg (D:9)
  A basilisk (D:9)
  A water moccasin (D:9)
  2 orc warriors (D:9)
  A swamp drake (D:9)
  5 sky beasts
  3 ice beasts
  A black bear (D:6)
  A centaur (D:5)
  2 ogres
  3 phantoms
  A kobold brigand (D:9)
  3 bullfrogs
  5 scorpions
  3 wights (D:9)
  7 killer bees
  A howler monkey (D:8)
  A troll skeleton (D:9)
  6 spriggan skeletons (D:9)
  2 bombardier beetles
  3 hounds
  2 jellies
  6 orc priests
  3 sleepcaps
  A gnoll bouda (D:9)
  9 iguanas
  2 orc wizards (D:8)
  5 gnolls (D:9)
  5 adders
  2 shadow imps
  5 white imps
  2 ribbon worms (D:2)
  2 dart slugs
  29 orcs
  4 bats
  9 endoplasms
  6 giant cockroaches
  3 goblins
  9 hobgoblins
  3 jackals
  5 quokkas
  5 ball pythons
  5 frilled lizards
  16 kobolds
  A rat (D:1)
197 creatures vanquished.

Notes
Turn   | Place    | Note
-------+----------+-------------------------------------------
     0 | D:1      | jaygrey the Minotaur Berserker began the quest for the Orb.
     0 | D:1      | Reached XP level 1. HP: 19/19 MP: 0/0
    99 | D:1      | Reached skill level 4 in Axes
   102 | D:1      | Reached XP level 2. HP: 26/27 MP: 1/1
   722 | D:2      | Reached ** piety under Trog
   737 | D:2      | Reached XP level 3. HP: 27/33 MP: 2/2
   856 | D:2      | Found an opulent altar of Gozag.
  1156 | D:2      | Reached XP level 4. HP: 41/41 MP: 3/3
  1186 | D:2      | You fall into a shaft and drop 1 floor!
  1420 | D:3      | Found a faded altar of an unknown god.
  1714 | D:3      | Found an opulent altar of Gozag.
  1714 | D:3      | Found a sacrificial altar of Ru.
  1719 | D:3      | Found a shadowy altar of Dithmenos.
  1977 | D:4      | Reached skill level 5 in Axes
  1977 | D:4      | Reached skill level 1 in Throwing
  2283 | D:4      | Reached XP level 5. HP: 43/47 MP: 4/4
  2315 | D:4      | Reached skill level 5 in Fighting
  2497 | D:4      | Noticed a phantom
  2507 | D:4      | Killed a phantom
  2507 | D:4      | Reached *** piety under Trog
  2508 | D:4      | Reached XP level 6. HP: 51/56 MP: 5/5
  2558 | D:4      | Found a snail-covered altar of Cheibriados.
  2893 | D:4      | Identified the +7 hand axe of Bloody Death {drain, +Blink
                  | Will- Dex+7}
  2994 | D:4      | Reached skill level 6 in Axes
  3428 | D:5      | Entered Level 5 of the Dungeon
  3475 | D:5      | Reached skill level 5 in Armour
  3604 | D:5      | Reached XP level 7. HP: 61/61 MP: 6/6
  3717 | D:5      | Reached skill level 1 in Stealth
  3856 | D:5      | Reached skill level 7 in Axes
  4482 | D:6      | Reached XP level 8. HP: 70/70 MP: 7/7
  4554 | D:6      | Found a staircase to the Ecumenical Temple.
  4648 | D:6      | Reached skill level 8 in Axes
  4775 | D:6      | Found Xosya's Lightly-Used Armoury.
  5364 | D:6      | Reached skill level 9 in Axes
  5829 | D:6      | Reached XP level 9. HP: 66/79 MP: 8/8
  5916 | Temple   | Entered the Ecumenical Temple
  6051 | D:7      | Reached skill level 5 in Dodging
  6112 | D:7      | Reached **** piety under Trog
  6170 | D:7      | Found a sand-covered staircase.
  6212 | D:7      | Reached skill level 10 in Axes
  7496 | D:8      | Noticed Psyche
  7501 | D:8      | Killed Psyche
  7668 | D:8      | Found a shimmering altar of Xom.
  7942 | D:8      | Found a white marble altar of Elyvilon.
  8413 | D:9      | Found a staircase to the Orcish Mines.
  8430 | D:9      | Reached skill level 11 in Axes
  8541 | D:9      | Reached XP level 10. HP: 90/90 MP: 9/9
  8769 | D:9      | Found a hide-covered altar of Uskayaw.
  9803 | D:9      | Reached skill level 12 in Axes
  9838 | D:9      | Mangled by a komodo dragon

Illustrated notes

Levels and vault maps discovered:
D:1:      saegor_arrival_simple_d, layout_rooms, minmay_pentomino_z4
D:2:      layout_rooms, basic_altar
D:3:      layout_basic, minitemple, basic_ecumenical_altar
D:4:      kb_forest_paths, layout_basic, kennysheep_slug_shrine,
          dreamdust_princess_bridge
D:5:      minmay_recursive_quarters, layout_loops_ring
D:6:      minmay_inner_zag, layout_gridville, minmay_temple_entry_nine_rooms,
          minmay_shop_damaged
D:7:      layout_basic, nicolae_ossuary_entry_ruins, bh_walls_and_bars
D:8:      layout_cave_pools, nicolae_overflow_hidden_temple,
          lemuel_coloured_pillars_altar, minmay_statues_item, uniq_psyche
D:9:      layout_basic, mainiacjoe_overflow_catwalk, erik_lair_dragon,
          david_orc_3, hangedman_tell_no_tales
Temple:   nicolae_temple_no_exploring_needed

Skill      XL: |  1  2  3  4  5  6  7  8  9 10 |
---------------+-------------------------------+-----
Axes           | 4 5 6 7 9 11 12 | 12.0
Fighting       | 4 5 6 7 8 9 |  9.0
Throwing       | 1 2 3 4 |  4.2
Armour         | 3 4 5 6 7 |  7.4
Dodging        | 3 4 6 |  6.7
Stealth        | 1 2 |  2.9

Action                     |  1- 3 |  4- 6 |  7- 9 | 10-12 || total
---------------------------+-------+-------+-------+-------++-------
  Melee: Hand axe          |    78 |   134 |   273 |   123 ||   608
         Headbutt          |     9 |    18 |    63 |    21 ||   111
         Punch             |       |       |     4 |     4 ||     8
  Throw: Dart              |    12 |     2 |     2 |       ||    16
         Boomerang         |       |       |     6 |       ||     6
         Stone             |       |       |    41 |    24 ||    65
 Invoke: Berserk           |       |     1 |    11 |     6 ||    18
         Trog's Hand       |       |       |     2 |     3 ||     5
   Stab: Sleeping          |       |       |       |     1 ||     1
 Armour: Animal skin       |     6 |       |       |       ||     6
         Acid dragon scale |    31 |    64 |   153 |    55 ||   303
  Dodge: Dodged            |    54 |    67 |   136 |    52 ||   309
